Unix NetHack Version 5.0.0-0 post-release - last build Jun 10 2026 00:39:30 (3ee93aec679c4c4259841fe613dc97188e26a321,branch:main).

Game began 2026-06-20 16:40:21, ended 2026-06-20 16:49:04.

Drastanta, lawful male human Knight

                                       ----            ----                ---
              ----------             ---..|            |..----            #-.--
              |........--        -----....---          |.....|            |...|
          -----.........----    --.|........--  --      -....--     --## --..-
        ---....0%---..u....--   |............---.-      |.....|   -##..###...|
        |...------ --@----..--  |.............|..      --.|...--  |%....##-..|
    ----|.---       |i|  --..-- --..^..........-      --..|-...####...).|--..|
    |..--.|         |.    |*..|  |....---....---      |..-||....###..[..--...--
    |<....|         |..   --..-- --.--- --..--       --.-.-|*......-..........|
    --..---         |..    |...|  ---    --.|       --)....|#..0#-...........--
     --.-            ...   --..-------    |.|       |......|-##.#--..........--
      |..            ...    |...--.|.---- |.|      --....--- #..# -#..........|
      --..           ....   --........|.---.|      |..----   |..## #%........--
        ...          |...    |..............|      |..|    ---...###.........--
         ...          ----   --..--.........--     |.--   --.....||..........)|
         ..--                 |.----.....>...|     |)--   |...------.........--
         .--                 --.-- |.........|     |.)--  |...|   --...)...---
         --                  |...---.........-------%).| --...|----...|..---
                             --....................*).-- |...--|......|---
                              ---------.--..-----------  ----- |.---.--
                                      -------                  --- ---
Drastanta the Esquire    St:15 Dx:9 Co:11 In:8 Wi:18 Ch:17  Lawful
Dlvl:3  $:20 HP:0(28) Pw:27(27) AC:3  Xp:4 T:1086 

Latest messages:
 The bat bites!
 You kill the bat!
 The saddled pony picks up a partly eaten gnome lord corpse.
 The saddled pony drops a partly eaten gnome lord corpse.
 You swap places with your saddled pony.
 You feel your magical energy drain away!
 Really step onto that anti-magic field? [yn] (n) n
 You swap places with your saddled pony.
 You stop.  Your saddled pony is in the way!
 You swap places with your saddled pony.
 You swap places with your saddled pony.
 You are beginning to feel hungry.
 What do you want to eat? [ghms or ?*] ?
 Blecch!  Rotten food!
 You finish eating the food ration.
 The homunculus bites!
 You miss the homunculus.
 The homunculus misses!
 You hit the homunculus.
 The homunculus bites!
 You miss the homunculus.
 The homunculus bites!
 You are put to sleep by the homunculus!
 The homunculus bites!
 The homunculus bites!
 The combat suddenly awakens you.
 You miss the homunculus.
 The homunculus bites!
 You are put to sleep by the homunculus!
 The homunculus bites!
 The homunculus bites!
 The homunculus bites!
 The homunculus bites!
 The combat suddenly awakens you.
 You miss the homunculus.
 The homunculus bites!
 You are put to sleep by the homunculus!
 The homunculus bites!
 The homunculus bites!
 The homunculus bites!
 The homunculus misses!
 The homunculus bites!
 The homunculus bites!
 You wake up.
 Are you sure you want to pray? [yn] (n) y
 You begin praying to Lugh.
 The homunculus bites!
 You die...
 Do you want your possessions identified? [ynq] (y) y
 Do you want to see your attributes? [ynq] (y) q

Inventory:
 Coins    ('$')
  $ - 20 gold pieces
 Weapons  (')')
  q - a +0 arrow
  a - a +1 long sword (weapon in left hand)
 Armor    ('[')
  v - an uncursed +0 dwarvish iron helm
  d - an uncursed +0 helmet (being worn)
  f - an uncursed +0 pair of leather gloves (being worn)
  w - an uncursed +0 pair of iron shoes
  e - an uncursed +0 small shield (being worn)
  c - an uncursed +1 ring mail (being worn)
 Comestibles  ('%')
  g - 12 uncursed apples
  h - 12 uncursed carrots
  m - an uncursed food ration
 Scrolls  ('?')
  i - an uncursed scroll of amnesia
  j - an uncursed scroll of enchant armor
  l - a cursed scroll of food detection
  n - a cursed scroll of identify
 Potions  ('!')
  r - an uncursed potion of confusion
  k - an uncursed potion of extra healing
 Rings    ('=')
  o - an uncursed ring of sustain ability
 Tools    ('(')
  u - a cursed brass lantern
  t - an uncursed tallow candle
  p - a blessed wax candle

Drastanta the Knight's attributes:

Background:
 You were an Esquire, a level 4 male human Knight.
 You were lawful, on a mission for Lugh
 who was opposed by Brigit (neutral) and Manannan Mac Lir (chaotic).
 You were left-handed.
 You were in the Gnomish Mines, on level 3.
 You entered the dungeon 1086 turns ago.
 You had 105 experience points, 55 more were needed to attain level 5.

Basics:
 You had 0 out of 28 hit points.
 You had all 27 energy points (spell power).
 Your armor class was 3.
 Your wallet contained 20 zorkmids.
 Autopickup was on for '$' plus thrown.

Final Characteristics:
 Your strength was 15 (limit:18/100).
 Your dexterity was 9 (limit:18).
 Your constitution was 11 (limit:18).
 Your intelligence was 8 (limit:18).
 Your wisdom was 18 (limit:18).
 Your charisma was 17 (limit:18).

Final Status:
 You weren't hungry.
 You were unencumbered.
 You were wielding a long sword.
 You had basic skill with long sword.

Final Attributes:
 You were devoutly aligned.
 You could jump.
 You were warded.
 You are dead.

Miscellaneous:
 You didn't encounter any bones levels.
 Total elapsed playing time was 8 minutes and 42 seconds.

Major events:
 Turn
    1: Drastanta the lawful male human Knight entered the dungeon
  601: entered the Gnomish Mines
  680: attained the rank of Esquire (level 3)
 1086: killed by a homunculus, while praying

You didn't know any spells.

Skills:
 Fighting Skills
   bare handed combat [Unskilled]
   two weapon combat  [Unskilled]
   riding             [Basic]
 Weapon Skills
   dagger             [Unskilled]
   knife              [Unskilled]
   axe                [Unskilled]
   pick-axe           [Unskilled]
   short sword        [Unskilled]
   broadsword         [Unskilled]
   long sword         [Basic]
   two-handed sword   [Unskilled]
   saber              [Unskilled]
   club               [Unskilled]
   mace               [Unskilled]
   morning star       [Unskilled]
   flail              [Unskilled]
   hammer             [Unskilled]
   polearms           [Unskilled]
   spear              [Unskilled]
   trident            [Unskilled]
   lance              [Basic]
   bow                [Unskilled]
   crossbow           [Unskilled]
 Spellcasting Skills
   attack spells      [Unskilled]
   healing spells     [Unskilled]
   clerical spells    [Unskilled]

Voluntary challenges:
 Character rerolling was not enabled.
 You were illiterate.
 You never genocided any monsters.
 You never polymorphed an object.
 You never changed form.
 You used no wishes.
Achievements:
 You entered the Gnomish Mines.
 You attained the rank of Esquire.

 The Dungeons of Doom: levels 1 to 3
    Level 1:
       Many fountains.
    Level 2:
       Stairs down to The Gnomish Mines.
    Level 3:
 The Gnomish Mines:
    Level 3: <- You were here.
       Final resting place for
          you, killed by a homunculus, while praying.


Vanquished creatures:
  a gnome leader
  a kitten
  2 dwarves
  a dwarf zombie
  a hobbit
 10 gnomes
  a gecko
  a jackal
  2 sewer rats
  3 grid bugs
  a bat
  3 lichens
  2 newts
29 creatures vanquished.

No species were genocided or became extinct.

Game over:
                       ----------
                      /          \
                     /    REST    \
                    /      IN      \
                   /     PEACE      \
                  /                  \
                  |    Drastanta     |
                  |      20 Au       |
                  |   killed by a    |
                  |    homunculus    |
                  |                  |
                  |                  |
                  |       2026       |
                 *|     *  *  *      | *
        _________)/\\_//(\/(/\)/\//\/|_)_______

Fare thee well Drastanta the Knight...

You died in The Gnomish Mines on dungeon level 3 with 538 points,
and 20 pieces of gold, after 1086 moves.
You were level 4 with a maximum of 28 hit points when you died.

